 Dungeon Crawl Stone Soup version 0.26-b1-32-g5d43845318 (webtiles) character file.

Game seed: 3467714784231053698

62 Borgoz the Ducker (level 4, -2/38 HPs)
             Began as a Ghoul Gladiator on Jan 13, 2021.
             Killed from afar by an orc wizard (4 damage)
             ... with a puff of frost
             ... on level 2 of the Dungeon.
             The game lasted 00:01:13 (698 turns).

Borgoz the Ducker (Ghoul Gladiator)                  Turns: 698, Time: 00:01:13

Health: -2/38      AC:  4    Str: 18    XL:     4   Next: 8%
Magic:  3/3        EV: 12    Int:  3    God:
Gold:   45         SH:  0    Dex: 10    Spells: 3/3 levels left

rFire    . . .     SeeInvis .   a - +0 flail
rCold    + . .     Faith    .   (no shield)
rNeg     + + +     Spirit   .   b - +0 leather armour
rPois    ∞         Reflect  .   c - +0 helmet
rElec    .         Harm     .   (no cloak)
rCorr    .         Rampage  .   (no gloves)
Will     .....                  (no boots)
Stlth    +.........             (no amulet)
HPRegen  0.00/turn              (no ring)
MPRegen  0.08/turn              (no ring)

@: about to teleport, attractive, very slightly contaminated, invisible
A: claws 1, cold resistance 1, negative energy resistance 3, inhibited
regeneration, torment resistance, unbreathing
a: no special abilities


You were on level 2 of the Dungeon.
You visited 1 branch of the dungeon, and saw 2 of its levels.

You collected 45 gold pieces.

Inventory:

Hand Weapons
 a - a +0 flail (weapon)
Missiles
 d - 3 throwing nets (quivered)
Armour
 b - a +0 leather armour (worn)
 c - a +0 helmet (worn)
Scrolls
 e - a scroll of remove curse
 g - 2 scrolls of teleportation
Potions
 f - a potion of attraction


   Skills:
 + Level 3.0 Fighting
 + Level 3.1 Maces & Flails
 - Level 1.7 Throwing
 + Level 1.3 Armour
 + Level 3.2 Dodging


You had 3 spell levels left.
You didn't know any spells.
Your spell library was empty.

Dungeon Overview and Level Annotations

Branches:
Dungeon (1/15)

Altars:
Ashenzari
Dithmenos
Nemelex Xobeh
Sif Muna
Wu Jian
The Shining One


Innate Abilities, Weirdness & Mutations

You thrive by killing the living.
You are immune to poison.
You have sharp fingernails.
Your flesh is cold resistant. (rC+)
You are immune to negative energy. (rN+++)
You do not regenerate when monsters are visible.
You are immune to unholy pain and torment.
You can survive without breathing.


Message History

Something hits you but does no damage.
You barely miss something. Something hits you but does no damage.
Something hits you.
* * * LOW HITPOINT WARNING * * *
You miss something. Something hits you but does no damage.
You miss something. Something hits you but does no damage. Something hits you.
* * * LOW HITPOINT WARNING * * *
You barely miss something. Something completely misses you. Something hits you.
* * * LOW HITPOINT WARNING * * *
You barely miss something. Something hits you but does no damage.
You hear some strange, mumbled words.
A puff of frost appears from out of thin air!
The puff of frost hits you. You resist.
* * * LOW HITPOINT WARNING * * *
As you read the scroll labelled ESKEGU TEINAU, it crumbles to dust.
You feel strangely unstable.
It was a scroll of teleportation.
You hear some strange, mumbled words.
A puff of frost appears from out of thin air!
The puff of frost hits you. You resist.
You die...

#_.'..8..8..8..'._#
##.#...........#.##
###...8...8...###
##....8....###
#+.......'#.#
##.....##..#
###'###.._#
#..)###### ###@##
.## #.#{#.....
#..oB..o...
#.####..##. #. ..r.
#. .#. #. .{ #. .
#.


You could see an orc and a giant cockroach.

Vanquished Creatures
  Jessica (D:2)
  An adder (D:2)
  An ooze (D:1)
  A dart slug (D:1)
  A leopard gecko (D:1)
  An orc (D:2)
  2 bats (D:1)
  2 goblins
  3 hobgoblins (D:1)
  A frilled lizard (D:1)
  3 kobolds (D:1)
  4 rats
21 creatures vanquished.

Notes
Turn   | Place    | Note
-------+----------+-------------------------------------------
     0 | D:1      | Borgoz the Ghoul Gladiator began the quest for the Orb.
     0 | D:1      | Reached XP level 1. HP: 17/17 MP: 0/0
   129 | D:1      | Reached XP level 2. HP: 20/25 MP: 1/1
   598 | D:1      | You fall into a shaft and drop 1 floor!
   604 | D:2      | Reached skill level 1 in Armour
   604 | D:2      | Reached XP level 3. HP: 28/30 MP: 2/2
   622 | D:2      | Found a glowing golden altar of the Shining One.
   629 | D:2      | Found a shimmering blue altar of Sif Muna.
   636 | D:2      | Found a broken altar of Ashenzari.
   643 | D:2      | Found an ornate altar of the Wu Jian Council.
   650 | D:2      | Found a shadowy altar of Dithmenos.
   655 | D:2      | Found a sparkling altar of Nemelex Xobeh.
   662 | D:2      | Noticed Jessica
   665 | D:2      | Killed Jessica
   666 | D:2      | Reached XP level 4. HP: 36/38 MP: 3/3
   698 | D:2      | Killed from afar by an orc wizard

Illustrated notes

Levels and vault maps discovered:
D:1:      dpeg_arrival_round_b, layout_loops_ring
D:2:      layout_basic, grunt_temple_overflow_octagram, marbit_many_paths,
          chequers_ecumenical_altar_lobes, uniq_crazy_yiuf_cottage,
          uniq_jessica, uniq_natasha, uniq_robin

Skill      XL: |  1  2  3 |
---------------+----------+-----
Maces & Flails | 3 |  3.1
Armour         | 1 |  1.3
Dodging        | 3 |  3.2
Fighting       | 3 |  3.0
Throwing       | |  1.7

Action                   |  1- 3 |  4- 6 || total
-------------------------+-------+-------++-------
Melee: Flail             |    51 |    19 ||    70
Throw: Throwing net      |     1 |       ||     1
  Use: Scroll            |     2 |     1 ||     3
       Potion            |       |     3 ||     3
 Stab: Held in net/web   |     1 |       ||     1
Armor: Leather armour    |    17 |     7 ||    24
Dodge: Dodged            |    35 |     6 ||    41
